 Dungeon Crawl Stone Soup version 0.29-a0-194-g6e3aafee17 (webtiles) character file.

Game seed: 11468228273646460204

86 fragbeetle the Bolt Thrower (level 4, -1/37 HPs)
             Began as a Minotaur Hunter on Feb 23, 2022.
             Killed by nerve-wracking pain
             ... invoked by Grinder
              (8 damage)
             ... while paralysed by Grinder
             ... on level 3 of the Dungeon.
             The game lasted 00:02:02 (1703 turns).

fragbeetle the Bolt Thrower (Minotaur Hunter)       Turns: 1703, Time: 00:02:03

Health: -1/37      AC:  6    Str: 19    XL:     4   Next: 26%
Magic:  3/3        EV:  2    Int:  8    God:
Gold:   159        SH:  0    Dex: 10    Spells: 3/3 levels left

rFire   . . .      SeeInvis .   a - +1 hand crossbow
rCold   . . .      Faith    .   (no shield)
rNeg    . . .      Spirit   .   c - +0 scale mail
rPois   .          Reflect  .   (helmet restricted)
rElec   .          Harm     .   n - scarf {repulsion}
rCorr   .          Rampage  .   (no gloves)
Will    .....                   (no boots)
Stlth   ..........              i - amulet of the acrobat
HPRegen 0.12/turn               (no ring)
MPRegen 0.08/turn               (no ring)

@: paralysed, repel missiles
A: horns 2, retaliatory headbutt
a: no special abilities


You were on level 3 of the Dungeon.
You visited 1 branch of the dungeon, and saw 3 of its levels.

You collected 159 gold pieces.

Inventory:

Hand Weapons
 a - a +1 hand crossbow (weapon)
Armour
 c - a +0 scale mail (worn)
 n - a scarf of repulsion (worn)
Jewellery
 i - an amulet of the acrobat (around neck)
Scrolls
 d - a scroll of amnesia {unknown}
 f - 2 scrolls of teleportation {unknown}
 g - a scroll of enchant weapon {unknown}
 j - 3 scrolls of identify {unknown}
 m - a scroll of silence {unknown}
Potions
 e - a potion of heal wounds {unknown}
 h - a potion of haste {unknown}
 k - a potion of invisibility {unknown}
 l - a potion of lignification {unknown}


   Skills:
 - Level 2.4 Fighting
 + Level 6.4 Crossbows
 - Level 2.1 Dodging
 - Level 0.7 Stealth


You had 3 spell levels left.
You didn't know any spells.
Your spell library contained the following spells:

 Spells                   Type           Power      Damage    Failure   Level
 Slow                     Hex            0%         N/A       80%         1
 Summon Small Mammal      Summ           0%         N/A       80%         1
 Call Canine Familiar     Summ           0%         N/A       99%         3
 Confusing Touch          Hex            0%         N/A       99%         3
 Conjure Flame            Conj/Fire      0%         6-21      99%         3
 Frozen Ramparts          Ice            0%         1d2       99%         3
 Ignite Poison            Fire/Tmut/Pois 0%         N/A       99%         3
 Summon Guardian Golem    Hex/Summ       0%         N/A       99%         3
 Vampiric Draining        Necr           0%         2d6       99%         3
 Ice Form                 Ice/Tmut       0%         N/A       100%        4
 Sticky Flame             Conj/Fire      0%         2d3       100%        4
 Summon Ice Beast         Ice/Summ       0%         N/A       100%        4


Dungeon Overview and Level Annotations

Branches:
Dungeon (3/15)

Altars:
The Shining One

Annotations:
D:3 Grinder


Innate Abilities, Weirdness & Mutations

You have a pair of horns on your head.
You reflexively headbutt those who attack you in melee.


Message History

Grinder comes into view.
Grinder shouts!
You aren't carrying any items that you can evoke.
Unknown command.
Okay, then.
You shoot a bolt. The bolt closely misses Grinder.
Grinder barely misses you.
You shoot a bolt. The bolt closely misses Grinder.
Grinder hits you but does no damage. Grinder barely misses you.
You shoot a bolt. The bolt barely misses Grinder.
Grinder hits you.
You writhe in agony.
You shoot a bolt. The bolt barely misses Grinder.
Grinder barely misses you.
You shoot a bolt. The bolt hits Grinder.
Grinder is lightly wounded.
Grinder closely misses you.
You shoot a bolt. The bolt hits Grinder.
Grinder is lightly wounded.
Grinder hits you.
You writhe in agony.
Grinder says, "My boss said I was rubbish.
His entrails said otherwise."
Grinder hits you!
You writhe in agony.
* * * LOW HITPOINT WARNING * * *
Unknown command.
You are too injured to fight recklessly!
Really attack while wielding your +1 hand crossbow?
Okay, then.
Grinder blinks!
Grinder blinks!
Grinder gestures at you. Pain shoots through your body!
* * * LOW HITPOINT WARNING * * *
You see here a +0 leather armour.
Grinder says, "Mostly I couldn't keep them alive."
You see here a +0 ring mail.
Grinder gestures at you.
You suddenly lose the ability to move!
Grinder grins, showing sharp teeth.
Grinder gestures at you.
You barely resist. Grinder gestures at you. Pain shoots through your body!
You die...

. #.## #.# . ...# #.#
.. #..####.# #.# ..
#.......# #.# ..###.#
#.# ......# #.# ##.#..#
#.#
....ยง###############.#
####........[5[.@....#
#.################# ###


You could see Grinder.

Vanquished Creatures
  Robin (D:2)
  2 adders (D:2)
  2 worms (D:2)
  A dart slug (D:2)
  A ball python (D:2)
  4 bats
  4 endoplasms
  A giant cockroach (D:1)
  13 goblins
  A hobgoblin (D:2)
  A jackal (D:2)
  3 kobolds
  2 quokkas
  2 frilled lizards
  7 rats
  A spectral goblin (D:1)
46 creatures vanquished.

Notes
Turn   | Place    | Note
-------+----------+-------------------------------------------
     0 | D:1      | fragbeetle the Minotaur Hunter began the quest for the Orb.
     0 | D:1      | Reached XP level 1. HP: 18/18 MP: 0/0
    77 | D:1      | Reached XP level 2. HP: 25/25 MP: 1/1
   100 | D:1      | Found a faded altar of an unknown god.
   104 | D:1      | Reached skill level 5 in Crossbows
   472 | D:2      | Reached XP level 3. HP: 30/30 MP: 2/2
   531 | D:2      | Noticed Robin
   544 | D:2      | Killed Robin
   678 | D:2      | Reached skill level 6 in Crossbows
   759 | D:2      | Reached XP level 4. HP: 37/37 MP: 3/3
   761 | D:2      | Found a glowing golden altar of the Shining One.
  1677 | D:3      | Noticed Grinder
  1698 | D:3      | Paralysed by Grinder for 6 turns
  1703 | D:3      | Killed from afar by Grinder

Illustrated notes

Levels and vault maps discovered:
D:1:      zelgadis_glass_arrival_small, layout_rooms,
          dreamdust_ecumenical_altar_drowned_temple
D:2:      minmay_wonky_spiral, layout_basic, basic_altar, uniq_robin
D:3:      layout_basic, roderic_lattice_a, minmay_misc_feat_nine_boxes,
          dk_noncrumbling_3, uniq_grinder

Skill      XL: |  1  2  3 |
---------------+----------+-----
Crossbows      | 5 6 |  6.4
Fighting       | |  2.4
Dodging        | |  2.1
Stealth        | |  0.7

Action                   |  1- 3 |  4- 6 || total
-------------------------+-------+-------++-------
 Fire: Hand crossbow     |    78 |    29 ||   107
Armor: Scale mail        |    16 |     3 ||    19
Dodge: Dodged            |    18 |     8 ||    26

Table legend: (Time is in decaauts)
 A = Elapsed time spent in this place.
 B = Non-inter-level travel time spent in this place.
 C = Inter-level travel time spent in this place.
 D = Time resting spent in this place.
 E = Time spent auto-exploring this place.
 F = Levels seen in this place.
 G = Mean time per level.
                   A        B        C        D        E       F      G
               +--------+--------+--------+--------+--------+-----+--------+
         Total |   1750 |   1628 |    122 |      0 |   1344 |   3 |  583.3 |
       Dungeon |   1750 |   1628 |    122 |      0 |   1344 |   3 |  583.3 |
               +--------+--------+--------+--------+--------+-----+--------+

Top non-repeatable levels by time:
     D:2: 1164 daAuts
     D:1: 452 daAuts
     D:3: 133 daAuts
